Workbook

Sheet Trial Balance
A1: Trial Balance
A2: Gracemount Community Church
A3: As at 31 December 2025
A5: Account Code | B5: Account | C5: Account Type | D5: Debit - Year to date | E5: Credit - Year to date | F5: Category
A6: 4000 | B6: Regular Giving | C6: Other Income | E6: 46836.6 | F6: unres - offerings
A7: 4001 | B7: Offerings | C7: Other Income | E7: 362.28 | F7: unres - offerings
A8: 4002 | B8: Mission Giving | C8: Other Income | E8: 11080 | F8: unres - offerings
A9: 4003 | B9: Football Money | C9: Revenue | E9: 674 | F9: unres Other income & donations
A10: 4004 | B10: Other Income | C10: Revenue | E10: 4000 | F10: unres Other income & donations
A11: 4005 | B11: Children’s Work Donations | C11: Other Income | E11: 1380 | F11: unres Other income & donations
A12: 4007 | B12: Weekend Away Money | C12: Other Income | E12: 2134.2 | F12: unres Other income & donations
A13: 4010 | B13: Quiz and Chippy Money | C13: Other Income | E13: 135 | F13: unres Other income & donations
A14: 4016 | B14: Primes Personal Gift | C14: Other Income | E14: 1244 | F14: unres Other income & donations
A15: 4018 | B15: Wreath Making Money | C15: Other Income | E15: 178.2 | F15: unres Other income & donations
A16: 4019 | B16: Curryoke Money | C16: Other Income | E16: 252 | F16: unres Other income & donations
A17: 4020 | B17: Youth Group Activities Money | C17: Other Income | E17: 20 | F17: unres Other income & donations
... A26: 4604 | B26: Miscellaneous refunds | C26: Other Income | E26: 2951.07 | F26: Community Events Refunds
A27: 4599 | B27: Weekend Away Refunds | C27: Expense | D27: 50 | F27: Community Events Refunds
A28: 5005 | B28: Salary Contribution | C28: Expense | D28: 34000 | F28: Salaries & Wages | H28: WRONG POSTING
A29: 5006 | B29: Speakers/Honorariums | C29: Expense | D29: 360 | F29: Ministry costs
A30: 5007 | B30: Administration Salary | C30: Expense | D30: 5958.37 | F30: Salaries & Wages | H30: can still change
A31: 5008 | B31: General Admin expenses | C31: Expense | D31: 150 | F31: Other operating expenses | H31: can still change
A32: 5101 | B32: Switch Youth Activities | C32: Expense | D32: 454.22 | F32: Youth activities
A33: 5102 | B33: Switch Youth Food | C33: Expense | D33: 393.64 | F33: Youth activities
A34: 5103 | B34: Switch Youth Equipment, Resources | C34: Expense | D34: 1567.62 | F34: Youth activities
A35: 5106 | B35: Safeguarding | C35: Expense | D35: 118 | F35: Ministry costs
A36: 5111 | B36: Evangelism & Community Events | C36: Expense | D36: 3474.89 | F36: Evangelism and community events
A37: 5112 | B37: Advertising, Leaflets, Posting | C37: Expense | D37: 373.03 | F37: Evangelism and community events
A38: 5113 | B38: Football Pitch Hire | C38: Expense | D38: 1080 | F38: Evangelism and community events
A39: 5114 | B39: Evangelism - Woman's Ministry | C39: Expense | D39: 677.81 | F39: Evangelism and community events
A40: 5115 | B40: Discipleship | C40: Expense | D40: 741.6 | F40: Ministry costs
A41: 5117 | B41: SH expenses | C41: Expense | D41: 4418.73 | F41: Mission costs | H41: can still change
A42: 5119 | B42: Francis and Flo | C42: Expense | D42: 1600 | F42: Mission costs
A43: 5120 | B43: FIEC Contribution | C43: Expense | D43: 1608 | F43: Evangelism and community events
A44: 5130 | B44: Charlotte Chapel donations for Primes | C44: Expense | D44: 1244 | F44: Mission costs
A45: 5131 | B45: Pastoral Fund | C45: Expense | D45: 4483.19 | F45: Ministry costs
A46: 5132 | B46: International Group Expenses | C46: Expense | D46: 496.67 | F46: Mission costs
A47: 5135 | B47: Sparkle Sisters | C47: Expense | D47: 1540 | F47: Mission costs
A48: 5136 | B48: His Estate | C48: Expense | D48: 1040 | F48: Mission costs
A49: 5140 | B49: Laptops and Office Equipment | C49: Expense | D49: 2635.23 | F49: Other operating expenses
A50: 5141 | B50: Books & Resources | C50: Expense | D50: 1129.14 | F50: Ministry costs
A51: 5142 | B51: Printing & Stationery | C51: Overhead | D51: 1152.73 | F51: Ministry costs
A52: 5143 | B52: Kids ministry books | C52: Expense | D52: 83.9 | F52: Youth activities
A53: 5152 | B53: Toddlers Other | C53: Expense | D53: 1122.2 | F53: Youth activities
... A60: 5200 | B60: GCC Weekend Away | C60: Expense | D60: 3839.88 | F60: Ministry costs
A61: 5201 | B61: US Trip | C61: Expense | D61: 4444.96 | F61: Mission costs | H61: can still change
A62: 6001 | B62: Building Rent | C62: Overhead | D62: 5406 | F62: Rental costs
A63: 7001 | B63: Audit & Accountancy fees | C63: Overhead | D63: 716.4 | F63: Other operating expenses
A64: 7003 | B64: Insurance | C64: Overhead | D64: 490.4 | F64: Other operating expenses
A65: 1200 | B65: Gracemount Community Church | C65: Bank | D65: 209793.28 | F65: Cash
A66: 805 | B66: Accruals | C66: Current Liability | E66: 12500 | F66: Accruals
A67: 960 | B67: Retained Earnings | C67: Equity | E67: 206191.29 | F67: Retained Earnings
A68: Total | D68: =SUM(D6:D67) -> 302158.99 | E68: =SUM(E6:E67) -> 302158.99

Sheet Cover
B6: Gracemount Community Church
B10: Charity Number
B11: SC048054
B16: Annual Financial Statements
B17: for the year ended 31 December 2025

Sheet BS
A1: Gracemount Community Church | F1: Charity Number | G1: SC048054
A2: Statement of Balances
A3: As at 31 December 2025
E5: =SOFA!D5 -> 31 December 2025 | G5: =SOFA!H5 -> December 2024
C6: Notes | E6: £ | G6: £
A8: Fixed Assets | E8: 0 | G8: 0
A10: Debtors | E10: 0 | G10: 0
A12: Cash at Bank | E12: ='Trial Balance'!D65 -> 209793.28 | G12: 218691.29
A14: Current Liabilities | E14: ='Trial Balance'!E66 -> 12500 | G14: 12500
A16: Net Current Assets | E16: =SUM(E10:E12)-E14 -> 197293.28 | G16: 206191.29
A18: Net Assets | E18: =E16+E8 -> 197293.28 | G18: 206191.29
A21: Funds
A22: Unrestricted Funds | C22: 4 | E22: =Notes!J70 -> 177795.37 | G22: 191421.18
A23: Restricted Funds | C23: 5 | E23: =Notes!J86 -> 19497.75 | G23: 14769.95
A25: Total Charity Funds | E25: =SUM(E22:E24) -> 197293.12 | G25: 206191.13
E27: =E18-E25 -> 0.16
A30: The financial statements have been approved by the Trustees on .

Sheet SOFA
A1: =[1]Ref!B14 -> Gracemount Community Church
A2: Statement of Financial Activities
A3: Year ending 31 December 2025
D5: 31 December 2025 | H5: December 2024
D6: Restricted | E6: Unrestricted | F6: Total
C7: Notes | D7: £ | E7: £ | F7: £ | H7: £
A9: Income and Endowments from:
A10: Donations | C10: 2 | D10: =Notes!F40 -> 850 | E10: =Notes!G40 -> 82567.7 | F10: =+D10+E10 -> 83417.7 | H10: 74644.44
A12: Total Income | D12: =SUM(D10:D11) -> 850 | E12: =SUM(E10:E11) -> 82567.7 | F12: =SUM(F10:F11) -> 83417.7 | H12: 74644.44
A14: Expenditure on:
A15: Charitable Activities | C15: 3 | D15: =-Notes!F59 -> -1122.2 | E15: =-Notes!G59 -> -91193.51 | F15: =+D15+E15 -> -92315.71 | H15: -48671.83
A17: Net Income/(Expenditure) | D17: =D12+D15 -> -272.2 | E17: =E12+E15 -> -8625.81 | F17: =F12+F15 -> -8898.01 | H17: 25972.61
A20: Net Movement in Funds | D20: =D17 -> -272.2 | E20: =E17 -> -8625.81 | F20: =F17 -> -8898.01 | H20: 25972.61
A22: Total funds at 1 January 2025 | C22: 5 | D22: =Notes!F86 -> 14769.95 | E22: =Notes!F66 -> 191421.18 | F22: =+D22+E22 -> 206191.13 | H22: 180218.52
A24: Total funds at 31 December 2025 | D24: =D22+D20 -> 14497.75 | E24: =E22+E20 -> 182795.37 | F24: =F22+F20 -> 197293.12 | H24: 206191.13

Sheet Notes
A1: =[1]Ref!B14 -> Gracemount Community Church
A2: Notes to the Accounts
A3: 31 December 2025
A5: 1 | B5: Accounting Policies
B7: a) | C7: Charity Information
C8: Gracemount Community Church is a Scottish Charitable Incorporated Organisation, with charity number SC048054. The registered office is 31 Gracemount House Drive, Edinburgh EH16 6FD.
B10: b) | C10: Basis of Preparation
C11: These accounts have been prepared on a receipts and payments basis, in accordance with the Charities and Trustee Investment (Scotland) Act 2005, and the Charities Accounts (Scotland) Regulations 2006 (as amended).
B13: c) | C13: Fund Accounting
C14: Unrestricted funds are available for use at the discretion of the Trustees in furtherance of the general objectives of the charity. They are received without specified purpose and are available as general funds.
C16: Restricted funds are subject to specific requirements as to their use which may be declared by the donor or with their authority or created through legal processes, but still within the wider objects of the charity.
B18: d) | C18: Income
C19: All income is accounted for when received.
B21: e) | C21: Expenditure
C22: All expenditure is accounted for when paid. All expenditure is allocated or apportioned to the applicable expenditure heading.
A25: 2 | B25: Donations
F26: 31 December 2025 | J26: 31 December 2024
F27: =+[1]SOFA!D6 -> Restricted | G27: =+[1]SOFA!E6 -> Unrestricted | H27: =+[1]SOFA!F6 -> Total | J27: Total
F28: £ | G28: £ | H28: £ | J28: £
C30: Offerings | F30: ='Trial Balance'!E19 -> 750 | G30: =SUM('Trial Balance'!E6:E8) -> 58278.88 | H30: =+F30+G30 -> 59028.88 | J30: 54277.65
C31: Grants - Derek Prime Legacy Gift | F31: 0 | G31: 0 | H31: =+F31+G31 -> 0 | J31: 0
C32: Other income & donations | F32: ='Trial Balance'!E18 -> 100 | G32: =SUM('Trial Balance'!E9:E14,'Trial Balance'!E20:E21,'Trial Balance'!E15:E17,'Trial Balance'!E22:E23) -> 20932.4 | H32: =+F32+G32 -> 21032.4 | J32: 20050.41
C33: Switch Refunds | H33: =+F33+G33 -> 0 | J33: 0
C34: Community Events Refunds | F34: 0 | G34: ='Trial Balance'!E24+'Trial Balance'!E26-'Trial Balance'!D27 -> 3097.77 | H34: =+F34+G34 -> 3097.77 | J34: 169.68
C35: Conference Travel Refunds | F35: 0 | G35: ='Trial Balance'!E25 -> 258.65 | H35: =+F35+G35 -> 258.65 | J35: 118.7
C36: Hut Refunds | H36: =+F36+G36 -> 0 | J36: 0
C37: Miscellaneous Refunds | H37: =+F37+G37 -> 0 | J37: 0
C38: Catering and Hospitality Refunds | H38: =+F38+G38 -> 0 | J38: 0
C39: Printing and Stationery Refunds | F39: 0 | G39: 0 | H39: =+F39+G39 -> 0 | J39: 28
F40: =SUM(F30:F39) -> 850 | G40: =SUM(G30:G39) -> 82567.7 | H40: =SUM(H30:H39) -> 83417.7 | J40: 74644.44
A43: 3 | B43: Expenditure on Charitable Activities
F44: =F26 -> 31 December 2025 | J44: =+J26 -> 31 December 2024
F45: =+F27 -> Restricted | G45: =+G27 -> Unrestricted | H45: =+H27 -> Total | J45: Total
F46: £ | G46: £ | H46: £ | J46: £
C48: Ministry costs | F48: 0 | G48: =SUM('Trial Balance'!D29,'Trial Balance'!D35,'Trial Balance'!D40,'Trial Balance'!D45,'Trial Balance'!D50:D51,'Trial Balance'!D60) -> 11824.54 | H48: =+F48+G48 -> 11824.54 | J48: 6359.37 | K48: ok
C49: Youth activities | F49: ='Trial Balance'!D53 -> 1122.2 | G49: =SUM('Trial Balance'!D32:D34,'Trial Balance'!D52,) -> 2499.38 | H49: =+F49+G49 -> 3621.58 | J49: 3138.29 | K49: ok
C50: Evangelism and community events | F50: 0 | G50: =SUM('Trial Balance'!D36:D39,'Trial Balance'!D43,'Trial Balance'!D59) -> 9472.87 | H50: =+F50+G50 -> 9472.87 | J50: 7858.62 | K50: ok
C51: Mission costs | F51: 0 | G51: =SUM('Trial Balance'!D41:D42,'Trial Balance'!D44,'Trial Balance'!D46:D48,'Trial Balance'!D61) -> 14784.36 | H51: =+F51+G51 -> 14784.36 | J51: 10196.57
C52: Other operating expenses | F52: 0 | G52: =SUM('Trial Balance'!D31,'Trial Balance'!D49,'Trial Balance'!D54:D58,'Trial Balance'!D63:D64) -> 7247.99 | H52: =+F52+G52 -> 7247.99 | J52: 4323.92 | K52: ok
C53: Building rent | F53: 0 | G53: ='Trial Balance'!D62 -> 5406 | H53: =+F53+G53 -> 5406 | J53: 4011.66 | K53: ok
C54: Building storage expenses | F54: 0 | G54: 0 | H54: =+F54+G54 -> 0 | J54: 283.4 | K54: Ok
C55: Salary | F55: 0 | G55: =SUM('Trial Balance'!D28,'Trial Balance'!D30) -> 39958.37 | H55: =+F55+G55 -> 39958.37 | J55: 12500 | K55: ok
B56: Tammy & Allan Wedding | F56: 0 | G56: 0 | H56: =+F56+G56 -> 0 | J56: 0
B57: The Hut Fund | F57: 0 | G57: 0 | H57: =+F57+G57 -> 0 | J57: 0
F59: =SUM(F48:F57) -> 1122.2 | G59: =SUM(G48:G57) -> 91193.51 | H59: =SUM(H48:H57) -> 92315.71 | J59: 48671.83
A62: 4 | B62: Unrestricted Funds
F63: As at 1 January 2025 | G63: Income | H63: Expenditure | J63: As at 31 December 2025
F64: £ | G64: £ | H64: £ | J64: £
C66: General Fund | F66: 191421.18 | G66: =+G40 -> 82567.7 | H66: =-G59 -> -91193.51 | J66: =SUM(F66:H66) -> 182795.37
C67: Transfer to Restricted funds:
C68: Toddlers fund | F68: 0 | G68: 0 | H68: -5000 | J68: =SUM(F68:H68) -> -5000
F70: =SUM(F66:F69) -> 191421.18 | G70: =SUM(G66:G69) -> 82567.7 | H70: =SUM(H66:H69) -> -96193.51 | J70: =SUM(J66:J69) -> 177795.37
A73: 5 | B73: Restricted Funds
F74: =+F63 -> As at 1 January 2025 | G74: Income | H74: Transfers from Unrestricted Funds | I74: Expenditure | J74: =+J63 -> As at 31 December 2025
F75: £ | G75: £ | H75: £ | I75: £ | J75: £
C77: GCC Building fund | F77: 9949.84 | G77: 0 | H77: 0 | I77: 0 | J77: =SUM(F77:I77) -> 9949.84
C78: RISE Leadership Academy | F78: 4648.39 | G78: 0 | H78: 0 | I78: 0 | J78: =SUM(F78:I78) -> 4648.39
C79: Pastoral fund | F79: 680.64 | G79: 0 | H79: 0 | I79: 0 | J79: =SUM(F79:I79) -> 680.64
C80: Nikola fund | F80: 0 | G80: 0 | I80: 0 | J80: =SUM(F80:I80) -> 0
C81: Toddlers fund | F81: -1299.92 | G81: 0 | H81: 5000 | I81: =-'Trial Balance'!D53 -> -1122.2 | J81: =SUM(F81:I81) -> 2577.88
C82: Donations for Ukraine Mission | F82: 140 | G82: 0 | H82: 0 | I82: 0 | J82: =SUM(F82:I82) -> 140
C83: Donations for Albania Mission | F83: 471 | G83: ='Trial Balance'!E18 -> 100 | H83: 0 | I83: 0 | J83: =SUM(F83:I83) -> 571
C84: Donations for Francis & Flo | F84: 180 | G84: ='Trial Balance'!E19 -> 750 | H84: 0 | I84: 0 | J84: =SUM(F84:I84) -> 930
F86: =SUM(F77:F84) -> 14769.95 | G86: =SUM(G77:G84) -> 850 | H86: =SUM(H77:H84) -> 5000 | I86: =SUM(I77:I84) -> -1122.2 | J86: =SUM(J77:J84) -> 19497.75
B88: GCC Building fund
C89: This is previously called The Hut fund. It is a fund for the establishment and operation of a semi-permanent hut in the community from which evangelism and community events can be run.The scope of this fund has now been expanded by the donor to include any form of permanent building project that the church might have. Hence, the name is then changed from The Hut Fund to GCC Building fund. No additional donation during the year 2024.
B91: The RISE Leadership Academy
C92: This is a fund raised for the establishment and operation of a leadership academy for young people in Gracemount Community.
B94: Pastoral fund
C95: This was a donation by a church member to 'assist those who may be in need'
B97: Nikola fund
C98: This is a fund raised for equipment donation to Nikola. This fund is now spent.
B100: Toddlers fund
C101: This is a fund to meet the costs of Gracie Tots.
B103: Donations for Ukraine Mission
C104: This is a fund to a Ukraine Church
B106: Donations for Albania Mission
C107: This is a fund to a church in Albania
B109: Donations for Africa Inland Mission
C110: This is a fund to support the mission of Francis & Flo in Africa.
B112: Tammy & Allan Wedding fund
C113: This is a fund of gifts from members to meet the costs of a wedding for two church members. It is now spent.
B115: Offering for Francis & Flo
C116: This was a donation for missionaries supported by the church. It was sent with a larger donation from the church on 02 March 2022 as part of Missions Giving
A118: 6 | B118: Payments to Trustees
H119: 2025 | J119: 2024
H120: £ | J120: £
B122: Rev A Prime | H122: 1244 | J122: 1126
B124: Payments in the period were from funds that had been given to the Charity to pass onto Rev A Prime. The corresponding income is recognised in 'Other income'.
